[Event "Team 45 45 League T86"]
[Site "Internet Chess Club"]
[Date "2020.10.19"]
[Round "3"]
[White "ascoli"]
[Black "Gojira"]
[Result "1-0"]
[WhiteElo "1644"]
[BlackElo "1515"]
[Opening "Sicilian: Hungarian variation"]
[ECO "B27"]
[Time "00:00:26"]
[TimeControl "2700+45"]

1. e4 c5 2. Nf3 g6 3. d3 Nc6 4. g3 Bg7 5. Bg2 d5 6. Nbd2 Nf6 7. O-O O-O 8. Re1
dxe4 9. dxe4 Ng4 10. Qe2 Nd4 11. Qd3 Be6 12. h3 c4 13. Nxc4 Bxc4 14. Qxc4 Rc8
15. Qf1 Nxf2 16. Qxf2 Nxc2 17. Be3 Nxa1 18. Rxa1 Qa5 19. e5 b6 20. Bd2 Qb5 21.
Bc3 Rfd8 22. Ng5 Qc5 23. Qxc5 Rxc5 24. Rf1 h6 25. Nxf7 Rf8 26. e6 Bxc3 27. bxc3
Rxc3 28. Nxh6+ Kg7 29. Nf7 Rxg3 30. Kh2 Ra3 31. Bd5 Rc8 32. Rf2 Rcc3 33. Bb3 a5
34. Ne5 a4 35. Nc4 Raxb3 36. axb3 Rxb3 37. Rf7+ Kg8 38. Rxe7 a3 39. Ra7 Rb2+ 40.
Kg3 Rb3+ 41. Kf2 a2 42. e7 a1=Q 43. e8=Q# {Black checkmated} 1-0

[Event "Team 45 45 League T86"]
[Site "Internet Chess Club"]
[Date "2020.10.17"]
[Round "3"]
[White "rkjulianjr"]
[Black "dabodhi"]
[Result "1-0"]
[WhiteElo "1360"]
[BlackElo "1355"]
[Opening "Dutch defense, Rubinstein variation"]
[ECO "A40"]
[Time "09:03:35"]
[TimeControl "2700+45"]

1. d4 e6 2. c4 f5 3. Nc3 Nf6 4. Bg5 Be7 5. Bxf6 Bxf6 6. e4 O-O 7. Nf3 d6 8. e5
Be7 9. Be2 Kh8 10. Qd2 h6 11. O-O-O b6 12. h4 Kg8 13. Rdg1 Bb7 14. g4 d5 15.
gxf5 Rxf5 16. Qxh6 Bf8 17. Qxe6+ Rf7 18. Ng5 Qe7 19. Qg6 {Black resigns} 1-0

[Event "Team 45 45 League T86"]
[Site "Internet Chess Club"]
[Date "2020.10.15"]
[Round "3"]
[White "Balderdash"]
[Black "BrerRabbit"]
[Result "0-1"]
[WhiteElo "1191"]
[BlackElo "1429"]
[Opening "Sicilian defense"]
[ECO "B40"]
[Time "19:00:58"]
[TimeControl "2700+45"]

1. e4 c5 2. Nf3 e6 3. Nc3 a6 4. a4 b6 5. e5 d6 6. d3 Bb7 7. Bg5 Be7 8. Bf4 dxe5
9. Nxe5 Nd7 10. Be2 Bf6 11. Nxd7 Qxd7 12. Bf3 Ne7 13. Bxb7 Qxb7 14. O-O O-O 15.
Bd6 Rfd8 16. Bxe7 Qxe7 17. Qf3 Qc7 18. Rab1 Rac8 19. Ne4 Bd4 20. c3 Be5 21. g3
Qc6 22. Rfd1 f5 23. Ng5 h6 24. Qxc6 Rxc6 25. Nf3 Bf6 26. d4 Rcd6 27. Rd2 g5 28.
Rbd1 g4 29. dxc5 Rxd2 30. Nxd2 bxc5 31. Kf1 Bg5 32. Ke2 Bxd2 33. Rxd2 Rb8 34.
Ke3 Kf8 35. c4 Ke7 36. Kd3 Rb3+ 37. Kc2 Rb4 38. Kc3 Rxa4 39. Kb3 Rb4+ 40. Kc3 a5
41. b3 a4 42. bxa4 Rxa4 43. Rb2 Ra3+ 44. Kd2 Rf3 45. Rb7+ Kf6 46. Ke2 Rc3 47.
Rh7 Kg6 48. Re7 Rxc4 49. Rxe6+ Kg5 50. Rc6 Rc2+ 51. Kf1 c4 52. Ke1 c3 53. Rc8
Rc1+ 54. Ke2 Rc2+ 55. Ke1 Rc1+ 56. Ke2 Rc2+ 57. Kf1 Rc1+ 58. Kg2 Kf6 59. Rc6+
Ke5 60. Rxh6 c2 61. Rc6 Kd4 62. Rc7 Kd3 63. Rd7+ Kc3 64. Rd5 Kb2 65. Rxf5 Rg1+
66. Kxg1 c1=Q+ 67. Kg2 Qc6+ 68. Kg1 Qe4 69. Rb5+ Kc2 70. Rc5+ Kd2 71. Ra5 Qb4
72. Rd5+ Ke2 73. Re5+ Kd1 74. Rd5+ Ke2 75. Re5+ Kd3 76. Re3+ Kd2 77. Re5 Qd4 78.
Rf5 Qd7 79. Rf4 Qe6 80. Kg2 Ke2 81. f3 gxf3+ 82. Rxf3 Qe4 83. h4 Qxf3+ 84. Kh3
Kf2 {White resigns} 0-1

[Event "Team 45 45 League T86"]
[Site "Internet Chess Club"]
[Date "2020.10.16"]
[Round "3"]
[White "dpmdpm"]
[Black "Conjurer"]
[Result "1-0"]
[WhiteElo "1526"]
[BlackElo "1178"]
[Opening "Sicilian: Anderssen variation"]
[ECO "B41"]
[Time "14:02:15"]
[TimeControl "2700+45"]

1. e4 c5 2. Nf3 e6 3. d4 cxd4 4. Nxd4 Nf6 5. Bd3 g6 6. O-O Bg7 7. Nf3 O-O 8. Nc3
d6 9. Bg5 Nbd7 10. Qd2 a6 11. Bf4 e5 12. Bg5 b5 13. Nd5 Bb7 14. Nxf6+ Nxf6 15.
Rfe1 Qc7 16. a4 Bc6 17. axb5 Bxb5 18. Bxb5 axb5 19. Bxf6 Bxf6 20. c3 Rad8 21.
Rad1 Qc5 22. Qd5 b4 23. c4 b3 24. Qxc5 dxc5 25. Nd2 Rb8 26. Re3 Rfd8 27. Ree1
Bg5 28. Nb1 Rd4 29. Rxd4 cxd4 30. Na3 Bd2 31. Rd1 Bb4 32. Nb5 Rc8 33. Rc1 Kf8
34. Kf1 Ke7 35. Ke2 Ke6 36. Kd3 f5 37. f4 Rd8 38. Nc7+ Kd6 39. Nd5 fxe4+ 40.
Kxe4 Bd2 41. Rd1 Bxf4 42. Nxf4 exf4 43. Rxd4+ Ke7 44. Rxd8 Kxd8 45. Kxf4 Kc7 46.
Ke4 Kc6 47. Kd4 Kd6 48. c5+ Kc6 49. Kc4 {Black resigns} 1-0

[Event "Team 45 45 League T86"]
[Site "Internet Chess Club"]
[Date "2020.10.17"]
[Round "3"]
[White "oldbookseller"]
[Black "Ostap-Bender"]
[Result "0-1"]
[WhiteElo "985"]
[BlackElo "1245"]
[Opening "Queen's pawn game"]
[ECO "D05"]
[Time "13:30:16"]
[TimeControl "2700+45"]

1. d4 Nf6 2. e3 e6 3. Nf3 d5 4. Bd3 c5 5. c4 cxd4 6. O-O dxe3 7. Bxe3 Bd6 8. h3
O-O 9. Ng5 g6 10. Nd2 Nc6 11. Ndf3 h6 12. c5 Be7 13. a3 hxg5 14. Bxg5 Bxc5 15.
Bh6 Re8 16. Nh4 Bf8 17. Qd2 Ne4 18. Qf4 Bxh6 19. Qxh6 Qg5 20. Nf5 exf5 21. Qxg5
Nxg5 22. Rfd1 Bd7 23. Bc2 d4 24. Rd3 Rad8 25. Rad1 Be6 26. f4 Ne4 27. g4 fxg4
28. Re1 Nc5 29. Rg3 d3 30. Bd1 gxh3 31. f5 Bxf5 32. Rf1 d2 33. Rxf5 Re1+ 34. Kh2
Rxd1 35. Kxh3 Rh1+ 36. Kg4 gxf5+ 37. Kxf5+ Kf8 38. Kf6 Rf1+ {White resigns} 0-1

[Event "Team 45 45 League T86"]
[Site "Internet Chess Club"]
[Date "2020.10.16"]
[Round "3"]
[White "Signofthetimes"]
[Black "Insan996"]
[Result "1-0"]
[WhiteElo "1534"]
[BlackElo "1598"]
[Opening "Caro-Kann defense"]
[ECO "B10"]
[Time "23:00:25"]
[TimeControl "2700+45"]

1. e4 c6 2. Nf3 d5 3. exd5 cxd5 4. d4 Nf6 5. Nc3 Nc6 6. Bg5 Bg4 7. Bxf6 gxf6 8.
Bb5 e6 9. Qd3 Bf5 10. Qe2 h5 11. O-O-O Qb6 12. Nxd5 Qd8 13. Ne3 Bh6 14. Kb1 Bxe3
15. Qxe3 Qd5 16. Bxc6+ bxc6 17. Qb3 O-O 18. Qxd5 cxd5 19. Kc1 Rfc8 20. c3 Rc4
21. Nh4 Bh7 22. f3 a5 23. Rhg1 a4 24. a3 e5 25. g4 hxg4 26. Rxg4+ Kf8 27. dxe5
fxe5 28. Rxd5 Rxg4 29. fxg4 f6 30. Nf5 Ra7 31. h4 Kf7 32. c4 Bxf5 33. gxf5 Rc7
34. c5 Rc6 35. Kd2 Kg7 36. Kc3 Kh6 37. b4 axb3 38. Kxb3 Kh5 39. Kc4 Kxh4 40. Rd6
Rc8 41. Rxf6 Kg5 42. Rf7 Kf4 43. f6 e4 44. Re7 e3 45. f7 Kf3 46. Re8 e2 {Black
resigns} 1-0

[Event "Team 45 45 League T86"]
[Site "Internet Chess Club"]
[Date "2020.10.16"]
[Round "3"]
[White "nidusin2"]
[Black "scostanzo212"]
[Result "1-0"]
[WhiteElo "1649"]
[BlackElo "1617"]
[Opening "Sicilian: closed"]
[ECO "B23"]
[Time "21:31:25"]
[TimeControl "2700+45"]

1. e4 c5 2. Nc3 e6 3. f4 Nc6 4. Nf3 g6 5. Bb5 Nd4 6. e5 Nxb5 7. Nxb5 a6 8. Nd6+
Bxd6 9. exd6 Qb6 10. b3 Qxd6 11. Bb2 f6 12. g3 b5 13. Qe2 Bb7 14. Rf1 Qc6 15. d3
O-O-O 16. Ng5 fxg5 17. Bxh8 gxf4 18. Rxf4 Nh6 19. Bf6 Re8 20. O-O-O Nf5 21. g4
e5 22. gxf5 Qxf6 23. Kb1 gxf5 24. Rdf1 Bg2 25. Qxg2 {Black resigns} 1-0

[Event "Team 45 45 League T86"]
[Site "Internet Chess Club"]
[Date "2020.10.15"]
[Round "3"]
[White "Kingofknights"]
[Black "Kingfisher75"]
[Result "1/2-1/2"]
[WhiteElo "1567"]
[BlackElo "1517"]
[Opening "QGA, 4.Nc3"]
[ECO "D24"]
[Time "18:01:03"]
[TimeControl "2700+45"]

1. d4 d5 2. c4 dxc4 3. Nf3 Nf6 4. Nc3 e6 5. e4 Bb4 6. e5 Ne4 7. Qc2 Nxc3 8. bxc3
Be7 9. Bxc4 O-O 10. Be3 Nd7 11. O-O Nb6 12. Bd3 h6 13. Rad1 Nd5 14. Qe2 b6 15.
Qd2 Nxe3 16. fxe3 Bb7 17. e4 c5 18. Bc2 cxd4 19. cxd4 Rc8 20. Qd3 Qc7 21. Bb1
Qc3 22. d5 Qxd3 23. Bxd3 exd5 24. exd5 Bxd5 25. Ba6 Bxf3 26. Rxf3 Bc5+ 27. Kf1
Rcd8 28. Rfd3 Rxd3 29. Rxd3 Re8 30. Rd7 Rxe5 31. Rxa7 Kf8 32. Bc4 Rf5+ 33. Ke1
b5 34. Ra8+ Ke7 35. Bb3 f6 36. a4 bxa4 37. Bxa4 Bb4+ 38. Ke2 Ra5 39. Rxa5 Bxa5
40. Bc6 Kd6 41. Bf3 Ke5 42. Bh5 f5 43. Kf3 g5 44. g4 f4 45. h3 Be1 46. Be8 Kd4
47. Bg6 Ke5 {Game drawn by mutual agreement} 1/2-1/2

[Event "Team 45 45 League T86"]
[Site "Internet Chess Club"]
[Date "2020.10.18"]
[Round "3"]
[White "tamky70"]
[Black "tightfist"]
[Result "1/2-1/2"]
[WhiteElo "1309"]
[BlackElo "1513"]
[Opening "Catalan: closed, 5.Nf3"]
[ECO "E06"]
[Time "19:30:50"]
[TimeControl "2700+45"]

1. d4 Nf6 2. c4 e6 3. g3 d5 4. Bg2 Be7 5. Nf3 O-O 6. O-O b6 7. Nbd2 Bb7 8. e3
Nbd7 9. Qc2 c5 10. b3 Rc8 11. Bb2 Rc7 12. Rac1 Qb8 13. Ba3 Rfc8 14. Qb1 Kf8 15.
Ng5 h6 16. Ngf3 cxd4 17. Bxe7+ Kxe7 18. Nxd4 dxc4 19. Nxc4 Bxg2 20. Kxg2 Qb7+
21. Kg1 Qd5 22. Qb2 Rc5 23. Rfd1 Qa8 24. Nd2 Rxc1 25. Rxc1 Rxc1+ 26. Qxc1 Qb7
27. Qc6 Qb8 28. Nc4 Kf8 29. Nf3 Kg8 30. Nd6 a6 31. e4 e5 32. Nc4 b5 33. Na5 Qb6
34. Qxb6 Nxb6 35. Nxe5 Nxe4 36. f3 Nc3 37. a4 bxa4 38. bxa4 Ncxa4 39. Nec6 Kf8
40. Kf2 Nc5 41. Ke3 Ke8 42. Kd4 Ne6+ 43. Ke5 Nd7+ 44. Kd6 Nd8 45. Kc7 Nxc6 46.
Nxc6 Nc5 47. Kb6 Nd3 48. Kxa6 Kd7 49. Nd4 Ne5 50. Kb5 g6 51. Kc5 Nd3+ 52. Kd5
Nb4+ 53. Ke5 Ke7 54. Ke4 f6 55. g4 Kd6 56. h4 Na6 57. Ne2 Nc5+ 58. Ke3 Ne6 59.
h5 gxh5 60. gxh5 Ng7 61. Ng3 Ke6 62. Kf4 f5 63. Ke3 Ke5 64. f4+ Kd5 65. Kd3 Kc5
66. Kc3 Kd5 67. Kd3 Kc5 68. Kc3 Kd5 69. Kd3 Kc5 70. Kc3 Kd5 71. Kd3 {Game drawn
by repetition} 1/2-1/2

[Event "Team 45 45 League T86"]
[Site "Internet Chess Club"]
[Date "2020.10.16"]
[Round "3"]
[White "Timmah4651"]
[Black "QuieroAprender"]
[Result "0-1"]
[WhiteElo "1533"]
[BlackElo "1656"]
[Opening "Hungarian defense"]
[ECO "C50"]
[Time "22:17:37"]
[TimeControl "2700+45"]

1. e4 e5 2. Nf3 Nc6 3. Bc4 Be7 4. c3 Nf6 5. d3 O-O 6. O-O Re8 7. Re1 d5 8. exd5
Nxd5 9. Nxe5 Nxe5 10. Rxe5 c6 11. Qe1 f6 12. Bxd5+ cxd5 13. Re2 Bg4 14. f3 Bf5
15. d4 Bd6 16. Rxe8+ Qxe8 17. Bd2 Qh5 18. h3 Re8 19. Qf2 Qg6 20. Na3 Bg3 21. Qf1
Bd3 22. Qd1 Re2 23. Qb3 Bh2+ {White resigns} 0-1

[Event "Team 45 45 League T86"]
[Site "Internet Chess Club"]
[Date "2020.10.17"]
[Round "3"]
[White "kabindra"]
[Black "Snuffleupegus"]
[Result "1-0"]
[WhiteElo "1656"]
[BlackElo "1485"]
[Opening "Sicilian: closed, 2...Nc6"]
[ECO "B23"]
[Time "14:05:00"]
[TimeControl "2700+45"]

1. e4 c5 2. Nc3 Nc6 3. Bb5 g6 4. Bxc6 bxc6 5. f4 d5 6. e5 Ba6 7. d3 c4 8. d4 e6
9. Nf3 c5 10. Be3 cxd4 11. Bxd4 Ne7 12. O-O Nc6 13. Bf2 Bg7 14. Bc5 Qa5 15. Bd6
Bf8 16. Bxf8 Kxf8 17. Qe1 Qb6+ 18. Kh1 Qxb2 19. Na4 Qxc2 20. Nc5 Bc8 21. Qh4 Qf5
22. g4 Qxf4 23. Ng5 Qd4 24. Nxf7 Kg8 25. Nh6+ {Black resigns} 1-0

[Event "Team 45 45 League T86"]
[Site "Internet Chess Club"]
[Date "2020.10.14"]
[Round "3"]
[White "Grenadier"]
[Black "VictorRed"]
[Result "0-1"]
[WhiteElo "1559"]
[BlackElo "1604"]
[Opening "Bishop's opening: Berlin defense"]
[ECO "C24"]
[Time "22:00:45"]
[TimeControl "2700+45"]

1. e4 e5 2. Bc4 Nf6 3. d3 d5 4. exd5 Nxd5 5. Nf3 Nc6 6. O-O Nf6 7. Re1 Bd6 8.
Nc3 O-O 9. Bg5 Bg4 10. Ne4 Be7 11. h3 Bh5 12. c3 Nxe4 13. Bxe7 Qxe7 14. Rxe4
Rad8 15. d4 Kh8 16. Bb5 f5 17. Re1 e4 18. Qc2 Bxf3 19. gxf3 Qg5+ 20. Kh2 Qf4+
21. Kg1 Qxf3 22. Re3 Qh5 23. Bxc6 bxc6 24. Kh2 Rd6 25. Rg1 Qh4 26. Qe2 Rh6 27.
Qf1 g5 28. Reg3 g4 29. Qg2 Rg6 30. b3 h5 31. Re3 Rfg8 32. Qg3 Qf6 33. Qxc7 R8g7
34. Qf4 gxh3 35. Reg3 Rg4 36. Rxg4 hxg4 37. a4 Qe6 38. c4 Rd7 39. Rg3 a6 40. Kg1
Rxd4 41. Qb8+ Kh7 42. Qa7+ Qd7 43. Qxa6 Rd3 44. Kh2 f4 45. Rxd3 exd3 46. Qa5 d2
47. Qh5+ Kg8 48. Qg5+ Kf8 49. Qf6+ Ke8 50. Qe5+ Qe7 51. Qb8+ Kd7 52. Qa7+ Ke6
53. Qd4 Qd6 54. Qe4+ Kf6 {White resigns} 0-1

[Event "Team 45 45 League T86"]
[Site "Internet Chess Club"]
[Date "2020.10.18"]
[Round "3"]
[White "Conjurer"]
[Black "GoIrish"]
[Result "0-1"]
[WhiteElo "1174"]
[BlackElo "1502"]
[Opening "King's Indian: London system"]
[ECO "A45"]
[Time "13:02:54"]
[TimeControl "2700+45"]

1. d4 Nf6 2. Bf4 g6 3. Nf3 Bg7 4. e3 O-O 5. c4 d6 6. Nc3 Nbd7 7. h3 Re8 8. Bd3
e5 9. dxe5 dxe5 10. Bg5 h6 11. Bxf6 Bxf6 12. Ne4 Bg7 13. Qb3 Qe7 14. c5 Nxc5 15.
Nxc5 Qxc5 16. Bxg6 Be6 17. Qd3 Rad8 18. Qe4 fxg6 19. O-O Bf5 20. Qxb7 Qb6 21.
Qxb6 cxb6 22. g4 Bd3 {White resigns} 0-1

[Event "Team 45 45 League T86"]
[Site "Internet Chess Club"]
[Date "2020.10.18"]
[Round "3"]
[White "kabindra"]
[Black "cap78red"]
[Result "1-0"]
[WhiteElo "1663"]
[BlackElo "1421"]
[Opening "Sicilian: closed"]
[ECO "B23"]
[Time "12:01:00"]
[TimeControl "2700+45"]

1. e4 c5 2. Nc3 d6 3. f4 Nf6 4. Bc4 g6 5. Nf3 Bg7 6. O-O O-O 7. Qe1 Bg4 8. d3
Bxf3 9. Rxf3 Nc6 10. Rh3 Nd4 11. Qh4 e5 12. f5 Nh5 13. Bg5 Bf6 14. fxg6 hxg6 15.
Bxf6 Qxf6 16. Qg4 Nf4 17. Rg3 Kg7 18. Re1 Rh8 19. Nd5 Qh4 20. Nxf4 Qxh2+ 21. Kf2
Rh4 22. Ne6+ fxe6 23. Qxg6+ Kf8 24. Qg8+ Ke7 25. Rg7+ Kf6 26. Qf7# {Black
checkmated} 1-0

[Event "Team 45 45 League T86"]
[Site "Internet Chess Club"]
[Date "2020.10.20"]
[Round "3"]
[White "Toalla"]
[Black "pagliaci"]
[Result "1/2-1/2"]
[WhiteElo "1193"]
[BlackElo "1211"]
[Opening "Queen's pawn game"]
[ECO "A45"]
[Time "12:09:15"]
[TimeControl "2700+45"]

1. d4 Nf6 2. g3 g6 3. Bg2 d5 4. Nf3 Bg7 5. O-O c5 6. c3 cxd4 7. cxd4 Nc6 8. Nc3
O-O 9. Re1 Bf5 10. Nh4 Bd7 11. Nf3 Qb6 12. Na4 Qb5 13. Nc3 Qb6 14. Na4 Qb5 15.
Nc3 Qb6 16. Na4 Qb5 17. Nc3 {Game drawn by repetition} 1/2-1/2

[Event "Team 45 45 League T86"]
[Site "Internet Chess Club"]
[Date "2020.10.17"]
[Round "3"]
[White "arconia"]
[Black "WzeroMN"]
[Result "1-0"]
[WhiteElo "1269"]
[BlackElo "1051"]
[Opening "Four knights: Gunsberg variation"]
[ECO "C47"]
[Time "13:00:49"]
[TimeControl "2700+45"]

1. e4 e5 2. Nf3 Nc6 3. Nc3 Nf6 4. a3 Bc5 5. Be2 O-O 6. b4 Bb6 7. Bb2 d5 8. exd5
Nxd5 9. Nxd5 Qxd5 10. c4 Qe4 11. c5 Nd4 12. Nxd4 exd4 13. O-O d3 14. Bf3 Qe6 15.
Re1 Qd7 16. Be4 Bxc5 17. bxc5 Qb5 18. Qh5 g6 19. Qe5 f6 20. Qd5+ Kh8 21. Bc3 Rb8
22. Bxd3 Qd7 23. Qc4 Qf7 24. Qxf7 Rxf7 25. Bc4 Rf8 26. Re7 c6 27. h3 Bf5 28. g4
Rfe8 29. Bxf6# {Black checkmated} 1-0

[Event "Team 45 45 League T86"]
[Site "Internet Chess Club"]
[Date "2020.10.17"]
[Round "3"]
[White "noblitz-oblige"]
[Black "mongmong"]
[Result "1-0"]
[WhiteElo "1529"]
[BlackElo "1434"]
[Opening "French: exchange variation"]
[ECO "C01"]
[Time "12:00:15"]
[TimeControl "2700+45"]

1. e4 e6 2. d4 d5 3. exd5 exd5 4. Nf3 Bd6 5. Be2 Ne7 6. O-O Bg4 7. Nc3 c6 8. a3
O-O 9. Re1 Nd7 10. Ne5 Bxe2 11. Qxe2 f6 12. Nxc6 bxc6 13. Qe6+ Rf7 14. Qxd6 Nb6
15. Qc5 Qd7 16. Bf4 Nf5 17. Re2 Re8 18. Rae1 Rxe2 19. Rxe2 Re7 20. Rxe7 Nxe7 21.
Qd6 Nf5 22. Qxd7 Nxd7 23. Ne2 Kf7 24. c3 g5 25. Ng3 Nxd4 26. Be3 Nb5 27. a4 Nd6
28. Bxa7 Nc4 29. b3 Nd2 30. b4 Nb1 31. Ne2 Na3 32. Nd4 Nb1 33. Nxc6 Nxc3 34. a5
Nb5 35. Be3 Nc7 36. Nd4 Ke7 37. b5 Na8 38. b6 Naxb6 39. axb6 Nxb6 40. Nf5+ Ke6
41. Ng7+ Kf7 42. Bxb6 Kxg7 43. Kf1 f5 44. Ke2 Kf6 45. Kd3 Ke6 46. Kd4 h5 47. f3
g4 48. f4 Kd6 49. Bd8 {Black resigns} 1-0

[Event "Team 45 45 League T86"]
[Site "Internet Chess Club"]
[Date "2020.10.19"]
[Round "3"]
[White "xingon"]
[Black "stanbeers"]
[Result "0-1"]
[WhiteElo "1388"]
[BlackElo "1410"]
[Opening "Queen's Pawn"]
[ECO "B07"]
[Time "12:02:23"]
[TimeControl "2700+45"]

1. d4 d6 2. e4 Nc6 3. Bb5 Bd7 4. c4 e5 5. dxe5 Nxe5 6. Bxd7+ Qxd7 7. Qb3 c6 8.
Nf3 Nf6 9. Nxe5 dxe5 10. Nc3 Bc5 11. O-O O-O 12. Rd1 Qe7 13. Bg5 Bxf2+ 14. Kxf2
Ng4+ 15. Ke1 Qxg5 16. h3 Qe3+ 17. Ne2 Qf2+ 18. Kd2 Nf6 19. Qf3 Qb6 20. Kc2 h6
21. g4 Qb4 22. b3 Rad8 23. Rd3 Rxd3 24. Qxd3 Qb6 25. Rd1 Qf2 26. Kb1 Qg2 27. Nc3
Nh7 28. Rd2 Qg1+ 29. Rd1 Qb6 30. h4 Qf2 31. Rh1 Qg2 32. Qd1 Nf6 33. Rg1 Qf2 34.
g5 hxg5 35. hxg5 Nh7 36. g6 fxg6 37. Rxg6 Qf7 38. Rg1 Qf3 39. Qd7 Rf7 40. Qe8+
Nf8 41. Qxe5 Qd3+ 42. Kb2 Qe3 43. Rh1 a5 44. Ka3 Qb6 45. Qh5 Qb4+ 46. Kb2 Rf2+
47. Kb1 Qxc3 48. Qh8+ Kf7 49. Qh5+ Ng6 {White resigns} 0-1

[Event "Team 45 45 League T86"]
[Site "Internet Chess Club"]
[Date "2020.10.17"]
[Round "3"]
[White "OGO"]
[Black "g8wrb"]
[Result "0-1"]
[WhiteElo "1194"]
[BlackElo "1285"]
[Opening "Queen's pawn: Franco-Indian (Keres) defense"]
[ECO "A40"]
[Time "09:00:39"]
[TimeControl "2700+45"]

1. d4 e6 2. c4 Bb4+ 3. Bd2 Bxd2+ 4. Nxd2 Nf6 5. Ngf3 O-O 6. e4 d5 7. Bd3 b6 8.
O-O Ba6 9. Qc2 h6 10. Rac1 c5 11. e5 Nfd7 12. b3 cxd4 13. Nxd4 Nxe5 14. Rfe1
Nbd7 15. N2f3 Nxf3+ 16. Nxf3 Rc8 17. Nd2 b5 18. Qb1 bxc4 19. bxc4 dxc4 20. Nxc4
Bxc4 21. Rxc4 Rxc4 22. Bxc4 Nb6 23. Bb5 Qf6 24. Bd3 Rc8 25. h3 Kf8 26. a4 Qc3
27. Bb5 Nd5 28. Qe4 Nf6 29. Qb7 Qxe1+ {White resigns} 0-1

[Event "Team 45 45 League T86"]
[Site "Internet Chess Club"]
[Date "2020.10.16"]
[Round "3"]
[White "Ehab"]
[Black "Egmont"]
[Result "1-0"]
[WhiteElo "1858"]
[BlackElo "1713"]
[Opening "French: MacCutcheon, Chigorin variation"]
[ECO "C12"]
[Time "08:01:07"]
[TimeControl "2700+45"]

1. e4 e6 2. d4 d5 3. Nc3 Nf6 4. Bg5 Bb4 5. e5 h6 6. exf6 hxg5 7. fxg7 Rg8 8. Qf3
Nd7 9. Bb5 c6 10. Ba4 Qf6 11. Qd3 Qxg7 12. a3 Bd6 13. Nge2 Nf6 14. O-O-O Bd7 15.
Bb3 O-O-O 16. Kb1 Ng4 17. Rdf1 Nxh2 18. Rd1 Ng4 19. Rdf1 Nh2 20. Rxh2 Bxh2 21.
g3 Rh8 22. Na4 f5 23. Nc5 f4 24. Ka2 Qf6 25. c4 Be8 26. cxd5 exd5 27. Rc1 Bg6
28. Qc3 Kb8 29. Qb4 Qf7 30. Ba4 Ka8 31. Nxb7 Rb8 32. Bxc6 Rxb7 33. Rc5 Bd3 34.
Nc3 Kb8 35. Bxb7 Qxb7 36. Nxd5 Qxb4 37. Nxb4 Be2 38. Rxg5 fxg3 39. fxg3 Bg1 40.
Rg7 Bf3 41. d5 a5 42. Nc6+ Kc8 43. Ne7+ Kd8 44. Kb3 Bd1+ 45. Kc4 Be2+ 46. Kc3
Bf2 47. b4 axb4+ 48. Kxb4 Rh3 49. Nc6+ Ke8 50. Re7+ Kf8 51. Rxe2 Bxg3 52. a4
Bd6+ 53. Kb5 Rb3+ 54. Ka6 Rb1 55. Re6 Bc5 56. a5 Rd1 57. Re5 Rb1 58. Na7 Rb8 59.
Re6 Ra8 60. Rb6 Ke7 61. Kb7 Rh8 62. Re6+ Kd7 63. Nc6 Rh1 64. a6 Rb1+ 65. Ka8 Rb2
66. Ne5+ Kc8 67. Rc6+ {Black resigns} 1-0

[Event "Team 45 45 League T86"]
[Site "Internet Chess Club"]
[Date "2020.10.14"]
[Round "3"]
[White "Goli"]
[Black "QuieroAprender"]
[Result "1-0"]
[WhiteElo "1731"]
[BlackElo "1636"]
[Opening "Ruy Lopez: exchange variation"]
[ECO "C68"]
[Time "13:32:37"]
[TimeControl "2700+45"]

1. e4 e5 2. Nf3 Nc6 3. Bb5 a6 4. Bxc6 dxc6 5. h3 f6 6. O-O Be6 7. d4 Bd6 8. dxe5
fxe5 9. b3 Ne7 10. Ng5 Qd7 11. Nxe6 Qxe6 12. Nd2 Ng6 13. Nc4 O-O-O 14. Nxd6+
Rxd6 15. Qg4 Nf4 16. Qxe6+ Nxe6 17. Bb2 Nd4 18. Bxd4 Rxd4 19. Rfe1 Rd2 20. Rac1
Rhd8 21. Kf1 R8d4 22. a4 c5 23. f3 c6 24. Re2 Rxe2 25. Kxe2 b5 26. c3 Rd6 27.
Rd1 Rxd1 28. Kxd1 bxa4 29. bxa4 g5 30. Kd2 c4 31. g3 h6 32. Ke3 Kc7 33. f4 Kd6
34. fxg5 hxg5 35. Kf3 Ke6 36. Kg4 Kf6 37. h4 gxh4 38. gxh4 Kg6 39. h5+ Kh6 40.
Kf5 Kxh5 41. Kxe5 Kg4 42. Kd6 Kf4 43. e5 Ke3 44. e6 Kd3 45. e7 Kxc3 46. e8=Q Kb2
47. Qxc6 c3 48. Qxa6 c2 49. Qc4 Ka1 50. a5 {Black resigns} 1-0

[Event "Team 45 45 League T86"]
[Site "Internet Chess Club"]
[Date "2020.10.16"]
[Round "3"]
[White "Portola"]
[Black "MrAbendroth"]
[Result "1/2-1/2"]
[WhiteElo "1652"]
[BlackElo "1638"]
[Opening "Queen's pawn game"]
[ECO "A46"]
[Time "08:01:06"]
[TimeControl "2700+45"]

1. d4 Nf6 2. Nf3 d6 3. Bf4 g6 4. h3 Bg7 5. c3 O-O 6. Nbd2 Nc6 7. e3 Nd7 8. Bc4
Na5 9. Be2 e5 10. dxe5 Nxe5 11. O-O Nac6 12. Qc2 Qe8 13. Rfe1 Bf5 14. e4 Bd7 15.
b4 a6 16. Rab1 Nxf3+ 17. Nxf3 Ne5 18. Nd4 Nc6 19. Nb3 Ne5 20. Bg3 g5 21. Nd4 Qc8
22. Nf5 Bxf5 23. exf5 Bf6 24. Bxe5 Bxe5 25. Bg4 Bf6 26. Re2 Qd7 27. Bf3 c6 28.
Qd3 Rfe8 29. Rbe1 Rxe2 30. Rxe2 d5 31. a3 Re8 32. g4 Rxe2 33. Bxe2 Qe7 34. c4
dxc4 35. Qxc4 Qe5 36. Qd3 Qd5 37. Qxd5 cxd5 38. Bf3 b6 39. Bxd5 a5 40. bxa5 bxa5
41. a4 Be5 42. Kf1 Kf8 43. Ke2 Ke7 44. Kd3 f6 45. Bg8 h6 46. Kc4 Kf8 47. Be6 Kg7
48. Kb5 Bc3 49. Kc6 Bb2 50. Kd5 Bc3 51. Ke4 Be5 {Game drawn by mutual agreement}
1/2-1/2

[Event "Team 45 45 League T86"]
[Site "Internet Chess Club"]
[Date "2020.10.18"]
[Round "3"]
[White "cityprosecutor"]
[Black "julesraider"]
[Result "0-1"]
[WhiteElo "1625"]
[BlackElo "1624"]
[Opening "Caro-Kann: classical, Spassky variation"]
[ECO "B19"]
[Time "22:01:55"]
[TimeControl "2700+45"]

1. e4 c6 2. d4 d5 3. Nc3 dxe4 4. Nxe4 Bf5 5. Ng3 Bg6 6. h4 h6 7. Nf3 Nd7 8. h5
Bh7 9. Bd3 Bxd3 10. Qxd3 e6 11. Bd2 Ngf6 12. O-O-O c5 13. Rhe1 Qc7 14. d5 c4 15.
Rxe6+ Kd8 16. Qf5 Bd6 17. Re2 b5 18. Nd4 Re8 19. Ba5 Nb6 20. Nc6+ Qxc6 21. dxc6
Kc7 22. Red2 Re5 23. Qxf6 {White resigns} 0-1

[Event "Team 45 45 League T86"]
[Site "Internet Chess Club"]
[Date "2020.10.22"]
[Round "3"]
[White "filmdirector"]
[Black "Manas"]
[Result "0-1"]
[WhiteElo "1572"]
[BlackElo "1693"]
[Opening "Sicilian: closed, 6.Be3"]
[ECO "B26"]
[Time "20:01:39"]
[TimeControl "2700+45"]

1. e4 c5 2. Nc3 Nc6 3. d3 g6 4. g3 Bg7 5. Bg2 d6 6. Be3 Nf6 7. h3 Qb6 8. Rb1 Be6
9. Qd2 O-O 10. Bh6 Bxh6 11. Qxh6 c4 12. Nge2 cxd3 13. cxd3 Qa6 14. d4 Bc4 15.
Qe3 Nb4 16. O-O Bxe2 17. Nxe2 Qxa2 18. f4 Qa6 19. f5 Rac8 20. fxg6 hxg6 21. Nc3
Kg7 22. Rf2 Qb6 23. e5 dxe5 24. Qxe5 Nd3 25. Nd5 Qd8 26. Qe3 Nxf2 27. Nxe7 Rc2
28. Rf1 Re8 29. Qb3 Qc7 30. Nd5 Nxd5 31. Bxd5 Qxg3+ 32. Bg2 Nxh3+ 33. Kh1 Qxg2#
{White checkmated} 0-1

[Event "Team 45 45 League T86"]
[Site "Internet Chess Club"]
[Date "2020.10.21"]
[Round "3"]
[White "KidRattler"]
[Black "Zugzwanged"]
[Result "1-0"]
[WhiteElo "1781"]
[BlackElo "1679"]
[Opening "French: exchange variation"]
[ECO "C01"]
[Time "11:05:04"]
[TimeControl "2700+45"]

1. e4 e6 2. d4 d5 3. exd5 exd5 4. Bd3 Bd6 5. Nf3 Nf6 6. h3 O-O 7. O-O h6 8. Re1
Re8 9. Nc3 c6 10. Bd2 Nbd7 11. Rxe8+ Qxe8 12. Qe2 Qd8 13. Ne5 Qb6 14. Nf3 c5 15.
Na4 Qc7 16. c4 dxc4 17. Bxc4 a6 18. Rc1 b5 19. dxc5 Bf4 20. Nb6 Bxd2 21. Nxa8
Qb8 22. Nxd2 bxc4 23. Nb6 Nxb6 24. cxb6 Qxb6 25. Nxc4 Qb5 26. Qe5 Qb4 27. Qc3
Qb8 28. Ne5 Be6 29. Nc6 Qf4 30. Nb4 a5 31. Nd3 Qg5 32. Qe5 Qd2 33. Qe3 Qxe3 34.
fxe3 Bxa2 35. Ra1 Bc4 36. Ne5 Be6 37. Rxa5 Kf8 38. Ra7 Nd5 39. Nc6 g5 40. Kf2
{Black resigns} 1-0